 Dungeon Crawl Stone Soup version 0.22-a0-757-gdba82d8 (webtiles) character file.

32522 galech the Brawler (level 13, -3/120 HPs)
             Began as a Troll Monk on July 16, 2018.
             Was the Champion of Cheibriados.
             Slain by an eight-headed hydra (7 damage)
             ... on level 2 of the Lair of Beasts.
             The game lasted 00:28:10 (14130 turns).

galech the Brawler (Troll Monk)                    Turns: 14130, Time: 00:28:11

Health: -3/120     AC: 10    Str: 41    XL:     13   Next: 31%
Magic:  0/12       EV: 17    Int: 16    God:    Cheibriados [******]
Gold:   345        SH:  0    Dex: 23    Spells: 12/12 levels left

rFire    . . .     SeeInvis +     - Unarmed
rCold    + . .     Gourm    +   (no shield)
rNeg     + + +     Faith    .   j - +0 steam dragon scales
rPois    .         Spirit   +   J - +2 hat
rElec    .         Reflect  .   (no cloak)
rCorr    .         Harm     .   (gloves unavailable)
MR       .....                  (boots unavailable)
Stlth    ++........             V - amulet of guardian spirit
HPRegen  0.70/turn              P - ring of protection from cold
MPRegen  0.13/turn              L - ring "Fyssi" {rN+++ Int-5 Dex-4 SInv Stlth-}

@: lethally poisoned (-3 -> -4), about to teleport, very slow
A: large, unfitting armour, claws 3, fast metabolism 3, gourmand, regeneration
1, shaggy fur 1, tough skin 2
a: Bend Time, Temporal Distortion, Slouch, Step From Time, Renounce Religion


You were on level 2 of the Lair of Beasts.
You worshipped Cheibriados.
Cheibriados was exalted by your worship.
You were completely stuffed.

You visited 4 branches of the dungeon, and saw 17 of its levels.
You also visited: Sewer.

You collected 1664 gold pieces.
You spent 1319 gold pieces at shops.

Inventory:

Armour
 j - +0 steam dragon scales (worn)
 I - a +0 robe of resistance
 J - a +2 hat (worn)
 K - a +2 robe of positive energy
 O - a cursed -1 robe
Jewellery
 h - an uncursed ring of protection from magic
 s - an uncursed ring of positive energy
 u - an uncursed amulet of the acrobat
 z - an uncursed ring of magical power
 A - an uncursed ring of fire
 L - the ring "Fyssi" (right claw) {rN+++ Int-5 Dex-4 SInv Stlth-}
   (You bought it in a shop on level 2 of the Orcish Mines)

   [ring of loudness]

   It affects your intelligence (-5).
   It affects your dexterity (-4).
   It renders you almost immune to negative energy.
   It lets you see invisible.
   It makes you less stealthy.
 P - a ring of protection from cold (left claw)
 V - an amulet of guardian spirit (around neck)
Wands
 o - a wand of random effects (57)
 B - a wand of paralysis (12)
 D - a wand of digging (17)
 Q - a wand of iceblast (5)
 R - a wand of flame (38)
 T - a wand of polymorph (10)
Scrolls
 a - a scroll of acquirement
 c - 3 scrolls of enchant armour
 d - 6 scrolls of teleportation
 e - 4 scrolls of noise
 i - 5 scrolls of remove curse
 m - 2 scrolls of fear
 q - 7 scrolls of magic mapping
 r - 4 scrolls of amnesia
 y - 4 scrolls of fog
 F - 2 scrolls of enchant weapon {unknown}
 H - 2 scrolls of immolation
 N - 3 scrolls of identify
 S - a scroll of holy word {unknown}
Potions
 f - 9 potions of heal wounds {unknown}
 g - 2 potions of ambrosia {unknown}
 k - 3 potions of flight {unknown}
 l - 4 potions of magic {unknown}
 n - 8 potions of curing
 p - 4 potions of degeneration {unknown}
 t - a potion of lignification {unknown}
 v - 2 potions of haste {unknown}
 w - 2 potions of brilliance {unknown}
 x - 2 potions of might
 C - 2 potions of mutation
 E - a potion of agility
 G - a potion of resistance {unknown}
 M - a potion of berserk rage {unknown}
Comestibles
 b - 40 rations
 U - 8 chunks of flesh


   Skills:
 + Level 6.0 Fighting
 + Level 9.0 Dodging
 + Level 4.0 Stealth
 + Level 17.6 Unarmed Combat


You had 12 spell levels left.
You didn't know any spells.
Your spell library contained the following spells:

 Spells                   Type           Power        Failure   Level  Hunger
 Magic Dart               Conj           #...         26%         1    ##.....
 Apportation              Tloc           #.....       26%         1    ##.....
 Conjure Flame            Conj/Fire      #.......     58%         3    ####...
 Bolt of Fire             Conj/Fire      #.........   100%        6    #######
 Slow                     Hex            #.......     36%         2    ###....
 Invisibility             Hex            #.......     100%        6    #######
 Mephitic Cloud           Conj/Pois/Air  #.......     58%         3    ####...
 Blink                    Tloc           N/A          36%         2    ###....
 Animate Dead             Necr           N/A          94%         4    #####..
 Pain                     Necr           #...         26%         1    ##.....
 Animate Skeleton         Necr           N/A          26%         1    ##.....
 Vampiric Draining        Necr           #.........   58%         3    ####...
 Call Imp                 Summ           #.......     36%         2    ###....
 Regeneration             Chrm/Necr      #.........   58%         3    ####...
 Tukima's Dance           Hex            #.......     58%         3    ####...
 Flame Tongue             Conj/Fire      #....        26%         1    ##.....
 Ignite Poison            Fire/Tmut/Pois #.......     58%         3    ####...
 Summon Butterflies       Summ           #.......     26%         1    ##.....
 Alistair's Intoxication  Tmut/Pois      #.......     100%        5    ######.
 Searing Ray              Conj           #.....       36%         2    ###....
 Spellforged Servitor     Conj/Summ      #.........   100%        7    #######
 Lesser Beckoning         Tloc           #.........   58%         3    ####...


Dungeon Overview and Level Annotations

Branches:
Dungeon (12/15)            Temple (1/1) D:7            Lair (2/6) D:9
    Orc (2/2) D:10            Elf (0/3) Orc:2
  Swamp: Lair:2-4    Shoals: Lair:2-4     Snake: Lair:2-4    Spider: Lair:2-4

Altars:
Cheibriados
Dithmenos
Elyvilon
Gozag
Kikubaaqudgha
Nemelex Xobeh
Okawaru
Sif Muna
Trog
Uskayaw
Vehumet
Xom
Yredelemnul
The Shining One
Beogh

Shops:
D:5 }   D:7 }   D:12 (   Orc:2 !=*([**

Annotations:
D:2 Terence


Innate Abilities, Weirdness & Mutations

You are too large for most types of armour.
You have claws for hands.
Your metabolism is lightning-fast.
You like to eat raw meat.
Your natural rate of healing is unusually fast.
You are covered in fur. (AC +1)
You have very tough skin. (AC +2)


Message History

The eight-headed hydra bites you!
The eight-headed hydra completely misses you.
The eight-headed hydra bites you! x2
The eight-headed hydra bites you but does no damage. x2
The black mamba bites you but does no damage.
As you read the scroll of teleportation, it crumbles to dust.
You feel strangely unstable.
You feel sick. The blink frog hits you.
The blink frog blinks!
The black mamba completely misses you. The crocodile bites you!
* * * LOW HITPOINT WARNING * * *
The eight-headed hydra bites you.
* * * LOW HITPOINT WARNING * * *
The eight-headed hydra closely misses you.
The eight-headed hydra bites you but does no damage.
The eight-headed hydra bites you!
* * * LOW HITPOINT WARNING * * *
The eight-headed hydra bites you!
* * * LOW HITPOINT WARNING * * *
The eight-headed hydra bites you!
You die...

..... .. .(.........§.
.....#.#.#...P....... ........
........... . ....>.. .).......F#
##.. .....# ## #....FF..###....
..#.# ..###..#.....†........##.
†...# .##.......†......8....#...
...###........PtSP........#.....#
...†............@D†+.....##....#.
..............#.§..#...###.......
..............#....##..#.........
.................................
...>....##.....#.................
.......####...#......#......#....
.......####....#...#)#.....#.....
..............#......##..........
.....................###.........


You could see an eight-headed hydra, a black mamba, 3 blink frogs and a
crocodile.

Vanquished Creatures
  The ghost of Yhot the Brawler, a journeyman MiBe of Trog (Orc:1)
  An orc warlord (Orc:2)
  Harold (D:11)
  2 hydras
  3 two-headed ogres
  An orc high priest (Orc:2)
  Urug (D:10)
  Sonja (Orc:2)
  3 unseen horrors (D:11)
  4 orc sorcerers
  An ugly thing (D:12)
  3 orc knights (Orc:2)
  2 oklob plants (Lair:1)
  A cyclops (D:12)
  A centaur zombie (D:10)
  A black mamba (Lair:2)
  2 spiny frogs
  3 komodo dragons
  5 trolls
  Prince Ribbit (D:5)
  2 hippogriffs
  A spriggan (D:7)
  2 wyverns
  A basilisk (Lair:1)
  11 yaks
  A hungry ghost (D:7)
  A steam dragon (D:10)
  3 wargs
  A soldier ant (D:11)
  Duvessa (D:5)
  3 water moccasins
  3 porcupines
  2 sky beasts
  31 orc warriors
  3 ice beasts
  3 black bears
  5 phantoms
  A necrophage (D:11)
  An eye of draining (D:11)
  25 wolves
  6 ogres
  3 centaurs
  3 crocodiles (Lair:1)
  A big kobold (D:8)
  8 bullfrogs
  Dowan (D:5)
  2 scorpions
  A water moccasin skeleton (D:5)
  3 killer bees (D:8)
  3 wights (D:5)
  6 howler monkeys
  A crimson imp (D:5)
  9 hounds
  3 jellies
  2 bullfrog skeletons
  18 orc priests
  4 centaur skeletons
  5 iguanas
  7 worker ants
  Natasha (thrice) (D:2)
  32 orc wizards
  A killer bee zombie (D:6)
  A hound skeleton (D:4)
  Robin (D:4)
  10 gnolls
  13 adders
  4 river rats
  5 shadow imps
  4 oozes
  An adder zombie (D:5)
  4 adder skeletons
  2 worms
  3 dart slugs
  6 leopard geckos
  70 orcs
  4 ball pythons
  6 bats
  5 giant cockroaches
  12 goblins
  5 hobgoblins
  8 jackals
  3 quokkas
  8 frilled lizards
  11 kobolds
  A leopard gecko zombie (D:6)
  13 rats
  A plant (Lair:1)
462 creatures vanquished.

Vanquished Creatures (others)
  3 plants (D:9)
3 creatures vanquished.

Grand Total: 465 creatures vanquished

Notes
Turn   | Place    | Note
-------+----------+-------------------------------------------
     0 | D:1      | galech the Troll Monk began the quest for the Orb.
     0 | D:1      | Reached XP level 1. HP: 22/22 MP: 0/0
   209 | D:1      | Reached XP level 2. HP: 29/29 MP: 1/1
   687 | D:2      | Reached XP level 3. HP: 35/36 MP: 2/2
   796 | D:2      | Noticed Terence
   879 | D:2      | Noticed Natasha
   890 | D:2      | Killed Natasha
   890 | D:2      | Reached XP level 4. HP: 28/44 MP: 3/3
   959 | D:2      | Noticed Natasha
   961 | D:2      | Reached skill level 4 in Unarmed Combat
   976 | D:2      | Killed Natasha
  1044 | D:2      | Noticed Natasha
  1050 | D:2      | Killed Natasha
  1050 | D:2      | Reached XP level 5. HP: 53/53 MP: 4/4
  1508 | D:3      | Reached skill level 5 in Unarmed Combat
  2034 | D:4      | Noticed a phantom
  2105 | D:4      | Killed a phantom
  2105 | D:4      | Reached XP level 6. HP: 39/61 MP: 5/5
  2192 | D:4      | Noticed Robin
  2234 | D:3      | Reached skill level 6 in Unarmed Combat
  2299 | D:4      | Killed Robin
  2360 | D:4      | Reached XP level 7. HP: 39/67 MP: 6/6
  2750 | D:5      | Entered Level 5 of the Dungeon
  2806 | D:5      | Reached skill level 7 in Unarmed Combat
  2850 | D:5      | Noticed Dowan
  2851 | D:5      | Noticed Duvessa
  2863 | D:5      | Killed Duvessa
  2868 | D:5      | Killed Dowan
  2873 | D:5      | Reached XP level 8. HP: 38/78 MP: 7/7
  2893 | D:5      | Found a glowing drain.
  2902 | Sewer    | Entered a sewer
  3301 | D:5      | Reached skill level 8 in Unarmed Combat
  3399 | D:5      | Noticed Prince Ribbit
  3421 | D:5      | Killed Prince Ribbit
  3781 | D:5      | Found Gaak's Gadget Shoppe.
  3875 | D:6      | Reached skill level 9 in Unarmed Combat
  4499 | D:6      | Reached skill level 5 in Dodging
  4506 | D:6      | Reached XP level 9. HP: 56/84 MP: 8/8
  4860 | D:7      | Found Voozxonere's Gadget Shoppe.
  4871 | D:7      | Reached skill level 10 in Unarmed Combat
  5121 | D:7      | Found a staircase to the Ecumenical Temple.
  5150 | D:7      | Reached skill level 11 in Unarmed Combat
  5191 | Temple   | Entered the Ecumenical Temple
  5321 | Temple   | Became a worshipper of Cheibriados the Contemplative
  5321 | Temple   | Reached * piety under Cheibriados
  5321 | Temple   | Reached ** piety under Cheibriados
  5546 | D:7      | Identified the Incunabulum of Excruciating Toxins
  5863 | D:8      | Reached XP level 10. HP: 56/94 MP: 9/9
  5925 | D:8      | Noticed a two-headed ogre
  5930 | D:8      | Killed a two-headed ogre
  5930 | D:8      | Reached skill level 12 in Unarmed Combat
  6050 | D:8      | Noticed a two-headed ogre
  6056 | D:8      | Killed a two-headed ogre
  6181 | D:8      | Reached *** piety under Cheibriados
  6425 | D:9      | Found a glowing golden altar of the Shining One.
  6599 | D:9      | Found a staircase to the Lair.
  6630 | D:9      | Reached skill level 13 in Unarmed Combat
  7163 | D:10     | Entered Level 10 of the Dungeon
  7261 | D:10     | Got a transparent rapier
  7262 | D:10     | Identified the +1 rapier "Nafyac" {flame, rN+ Str+4 Stlth+} (You found it on level 10 of the Dungeon)
  7348 | D:10     | Reached skill level 5 in Fighting
  7348 | D:10     | Reached XP level 11. HP: 95/102 MP: 10/10
  7377 | D:10     | Reached **** piety under Cheibriados
  7433 | D:10     | Noticed Urug
  7441 | D:10     | Killed Urug
  7599 | D:10     | Found a staircase to the Orcish Mines.
  7605 | Orc:1    | Entered Level 1 of the Orcish Mines
  7617 | Orc:1    | Reached skill level 14 in Unarmed Combat
  8001 | Orc:1    | Found a runed door.
  8003 | Orc:1    | Noticed Yhot's ghost (journeyman MiBe)
  8021 | Orc:1    | Killed Yhot's ghost
  8358 | Orc:2    | Entered Level 2 of the Orcish Mines
  8372 | Orc:2    | Reached ***** piety under Cheibriados
  8396 | Orc:2    | Noticed an orc sorcerer
  8468 | Orc:2    | Noticed an orc warlord
  8496 | Orc:2    | Noticed an orc sorcerer
  8503 | Orc:2    | Killed an orc sorcerer
  8538 | Orc:2    | Killed an orc sorcerer
  8554 | Orc:2    | Noticed an orc sorcerer
  8570 | Orc:1    | Killed an orc sorcerer
  8570 | Orc:1    | Reached skill level 15 in Unarmed Combat
  8826 | Orc:2    | Found Hodumat's Humungous Hoard.
  8856 | Orc:2    | Bought a +2 hat for 176 gold pieces
  8914 | Orc:2    | Noticed Sonja
  8931 | Orc:2    | Noticed an orc knight
  8943 | Orc:2    | Killed an orc knight
  9078 | Orc:2    | Found a staircase to the Elven Halls.
  9126 | Orc:2    | Killed Sonja
  9444 | Orc:2    | Reached XP level 12. HP: 79/111 MP: 11/11
  9551 | Orc:2    | Noticed an orc high priest
  9552 | Orc:2    | Found a roughly hewn altar of Beogh.
  9572 | Orc:2    | Killed an orc high priest
  9612 | Orc:2    | Killed an orc warlord
  9612 | Orc:2    | Reached skill level 16 in Unarmed Combat
  9721 | Orc:2    | Found Waqiam's Antique Weapon Shop.
  9750 | Orc:2    | Found Onkucour's Antique Armour Shop.
  9799 | Orc:2    | Found Utenisan's Distillery.
  9807 | Orc:2    | Bought a potion of mutation for 128 gold pieces
  9807 | Orc:2    | Bought a potion of curing for 48 gold pieces
  9830 | Orc:2    | Found Fiema's Jewellery Shop.
  9836 | Orc:2    | Bought the ring "Fyssi" {rN+++ Int-5 Dex-4 SInv Stlth-} for 291 gold pieces
  9845 | Orc:2    | Found Zutoph's General Store.
  9960 | Orc:2    | Found Ymoetyv's General Store.
 10156 | Orc:2    | Bought a scroll of acquirement for 676 gold pieces
 10709 | D:11     | Reached ****** piety under Cheibriados
 10794 | D:11     | Noticed Harold
 10803 | D:11     | Killed Harold
 11468 | D:12     | Noticed a two-headed ogre
 11474 | D:12     | Killed a two-headed ogre
 11476 | D:12     | Reached skill level 17 in Unarmed Combat
 12295 | D:12     | Found Untitaicw's Antique Weapon Shop.
 12463 | Lair:1   | Entered Level 1 of the Lair of Beasts
 12540 | Lair:1   | Noticed an eight-headed hydra
 12549 | Lair:1   | Killed a 14-headed hydra
 12719 | Lair:1   | Reached XP level 13. HP: 118/120 MP: 12/12
 14130 | Lair:2   | HP: 4/120 [eight-headed hydra (9)]
 14130 | Lair:2   | Slain by an eight-headed hydra

Vault maps used:
D:1:      dpeg_arrival_short_road
D:2:      nicolae_overflow_hidden_temple, first_ration, uniq_natasha,
          uniq_terence
D:3:      cheibrodos_helix_gallery, corexii_shack
D:4:      grunt_decor_mini_mirrors, uniq_robin
D:5:      gup_sewer_entry_bowl, serial_shops, shop_statue, patterned_corridor,
          uniq_prince_ribbit1, uniq_duvessa
D:7:      temple_pool_b, serial_shops, nicolae_shop_stone, the_bakery
D:9:      david_lair_shrubbed, tso_altar
D:10:     orc_0_dummy, uniq_urug
D:11:     uniq_harold
D:12:     serial_shops, shop_fountains
Temple:   roderic_octagonal_lattice_temple
Lair:1:   infiniplex_staircase_pool_2, minmay_lair_oklob_chamber
Lair:2:   grunt_forest_large_clearings, grunt_megastairs_3
Orc:1:    ebering_ghost_inner_flame
Orc:2:    grunt_orc_cross, serial_shops, shop, shop, nicolae_alphabet_shops,
          guppyfry_library_mini, uniq_sonja
Sewer:    sewer_co_cracked_pipes

Skill      XL: |  1  2  3  4  5  6  7  8  9 10 11 12 13 |
---------------+----------------------------------------+-----
Dodging        | 3 4 5 6 7 8 9 |  9.0
Unarmed Combat | 4 5 6 7 9 11 13 15 17 | 17.6
Fighting       | 3 4 5 6 |  6.0
Stealth        | 2 3 4 |  4.0

Action                   |  1- 3 |  4- 6 |  7- 9 | 10-12 | 13-15 || total
-------------------------+-------+-------+-------+-------+-------++-------
Melee: Unarmed           |    59 |   160 |   401 |   466 |   101 ||  1187
       Punch             |       |     2 |    16 |    49 |    11 ||    78
Invok: Bend Time         |       |       |       |     1 |       ||     1
  Use: Scroll            |       |       |       |    11 |     1 ||    12
 Stab: Sleeping          |     1 |       |       |     7 |     1 ||     9
       Distracted        |       |       |       |     2 |       ||     2
  Eat: Chunk             |    13 |    14 |    40 |    43 |    10 ||   120
Armor: Robe              |    29 |    39 |    77 |    11 |       ||   156
       Steam dragon scal |       |       |       |    69 |    60 ||   129
Dodge: Dodged            |    31 |    81 |   236 |   399 |   218 ||   965

Table legend:
 A = Spawn XP
 B = Non-spawn XP
 C = Spawn XP percentage of total XP
 D = Spawn monster count
 E = Non-spawn monster count
 F = Spawn count percentage of total count
 G = Total turns spent on level
                    A         B        C        D         E        F      G
               +---------+---------+-------+---------+---------+-------+---------
         Total |       0 |   46461 |   0.0 |       0 |     461 |   0.0 | 14130
               +---------+---------+-------+---------+---------+-------+---------
           D:1 |       0 |      20 |   0.0 |       0 |      11 |   0.0 |   605
           D:2 |       0 |     198 |   0.0 |       0 |      20 |   0.0 |   656
           D:3 |       0 |     194 |   0.0 |       0 |      27 |   0.0 |   801
           D:4 |       0 |     470 |   0.0 |       0 |      34 |   0.0 |   688
           D:5 |       0 |    1129 |   0.0 |       0 |      30 |   0.0 |   741
           D:6 |       0 |     738 |   0.0 |       0 |      27 |   0.0 |   991
           D:7 |       0 |    1965 |   0.0 |       0 |      36 |   0.0 |   585
           D:8 |       0 |    3084 |   0.0 |       0 |      35 |   0.0 |   685
           D:9 |       0 |    1336 |   0.0 |       0 |      12 |   0.0 |   913
          D:10 |       0 |    3289 |   0.0 |       0 |      18 |   0.0 |   498
          D:11 |       0 |    5903 |   0.0 |       0 |      29 |   0.0 |  1347
          D:12 |       0 |    2625 |   0.0 |       0 |      14 |   0.0 |   848
        Lair:1 |       0 |    6714 |   0.0 |       0 |      40 |   0.0 |  1404
        Lair:2 |       0 |    3403 |   0.0 |       0 |      12 |   0.0 |   263
         Orc:1 |       0 |    4058 |   0.0 |       0 |      30 |   0.0 |  1079
         Orc:2 |       0 |   11266 |   0.0 |       0 |      70 |   0.0 |  1499
         Sewer |       0 |      69 |   0.0 |       0 |      16 |   0.0 |   378
               +---------+---------+-------+---------+---------+-------+---------
